 Dungeon Crawl Stone Soup version 0.29.1-13-g9f3cf754e1 (webtiles) character file.

Game seed: 17308801446773548787

28041 javelincjr the Thaumaturge (level 13, -31/121 HPs)
             Began as a Djinni Fire Elementalist on Jan 30, 2023.
             Was an Elder of Hepliaklqana.
             Annihilated by an orc knight
             ... wielding a +2 great sword
              (56 damage)
             ... on level 2 of the Orcish Mines on Jan 31, 2023.
             The game lasted 01:33:44 (16415 turns).

javelincjr the Thaumaturge (DjFE)                  Turns: 16415, Time: 01:33:44

Health: -31/121    AC:  9    Str: 15    XL:     13   Next: 70%
Gold:   802        EV: 13    Int: 19    God:    Hepliaklqana [****..] SH:  9 Dex: 15

rFire   + + .      SeeInvis .   R - +1 trident (vamp)
rCold   x . .      Faith    .   f - +0 kite shield
rNeg    . . .      Spirit   .   Q - +0 troll leather armour
rPois   ∞          Reflect  .   t - +2 helmet
rElec   .          Harm     .   p - +0 cloak
rCorr   .          Rampage  .   (no gloves)
Will    ++...                   (boots unavailable)
Stlth   ..........              (no amulet)
HPRegen 1.10/turn               e - +6 ring of strength
MPRegen 0.00/turn               c - ring of willpower

@: berserking, flying, studying Fighting, very quick
A: reduced essence, sickness immunity, fire resistance 2, cold vulnerability 1,
float, innate caster, HP casting, extra vitality 1
a: Renounce Religion, Recall Ancestor, Ancestor Identity, Transference, Idealise


You were on level 2 of the Orcish Mines.
You worshipped Hepliaklqana.
Hepliaklqana was greatly pleased with you.
You visited 3 branches of the dungeon, and saw 15 of its levels.
You visited 1 bazaar.

You collected 991 gold pieces.
You spent 189 gold pieces at shops.

Inventory:

Hand Weapons
 b - a +1 sling of flaming
 n - the +4 dagger "Moof" {freeze, Str+5}
   (You found it on level 3 of the Dungeon)

   It freezes those it strikes, dealing additional cold damage.
   It can also slow down cold-blooded creatures.
   Str:       It affects your strength (+5).
 o - a +0 dagger of venom
 u - a +3 vorpal arbalest
 C - a +1 short sword of holy wrath
 F - a +3 scimitar
 J - a +0 spear of freezing
 L - a +1 scimitar of protection
 R - a +1 vampiric trident (weapon)
Missiles
 h - 51 poisoned darts
 m - a throwing net
 x - 2 curare-tipped darts
Armour
 f - a +0 kite shield (worn)
 p - a +0 cloak (worn)
 q - +3 steam dragon scales
 t - a +2 helmet (worn)
 y - the +2 leather armour of Joog {rC++ Dex-5 Slay+5 Stlth-}
   (You bought it in a shop in a bazaar)

   Dex:       It affects your dexterity (-5).
   Slay:      It affects your accuracy & damage with ranged weapons and melee
   (+5).
   rC:        It greatly protects you from cold.
   Stlth:     It makes you less stealthy.
 Q - a +0 troll leather armour (worn)
Magical Staves
 B - a staff of conjuration
Jewellery
 c - a ring of willpower (right hand)
 e - a +6 ring of strength (left hand)
 w - a ring of ice
 P - a +6 ring of intelligence
Wands
 d - a wand of flame (41)
 i - a wand of digging (7)
 s - a wand of iceblast (8)
 A - a wand of mindburst (11)
 H - a wand of light (6)
 K - a wand of charming (2)
 O - a wand of polymorph (7)
Scrolls
 g - 3 scrolls of blinking
 k - 5 scrolls of teleportation
 r - a scroll of magic mapping
 I - 2 scrolls of butterflies
 M - a scroll of poison {unknown}
 N - a scroll of summoning
Potions
 a - 2 potions of ambrosia
 l - 10 potions of curing
 v - 2 potions of heal wounds
 z - 2 potions of invisibility
 D - a potion of brilliance
 E - 2 potions of degeneration {unknown}
 G - a potion of haste {unknown}


   Skills:
 + Level 7.3 Fighting
 - Level 0.3 Short Blades
 + Level 0.1 Polearms
 - Level 2.5 Ranged Weapons
 + Level 5.1 Armour
 + Level 7.0 Dodging
 + Level 5.0 Stealth
 + Level 4.0 Shields
 + Level 14.0 Spellcasting
 + Level 2.8 Evocations


You had 10 spell levels left.
You knew the following spells:

 Your Spells              Type           Power      Damage    Failure   Level
a - Foxfire               Conj/Fire      100%       2x1d9     1%          1
b - Scorch                Fire           100%       2d10      1%          2
c - Conjure Flame         Conj/Fire      61%        6-21      1%          3
d - Inner Flame           Hex/Fire       61%        N/A       1%          3
e - Flame Wave            Conj/Fire      61%        2d14      1%          4
f - Beastly Appendage     Tmut           100%       N/A       1%          1
g - Poisonous Vapours     Pois/Air       100%       N/A       1%          2
h - Passwall              Tmut/Erth      50%        N/A       1%          2
i - Dazzling Flash        Conj/Hex       100%       N/A       1%          3
j - Iskenderun's Mystic   Conj/Tloc      61%        2d13      1%          4
k - Summon Mana Viper     Hex/Summ       61%        N/A       1%          5
Your spell library was empty.

Dungeon Overview and Level Annotations

Branches:
Dungeon (12/15)            Temple (1/1) D:6            Lair (0/5) D:10
    Orc (2/2) D:12            Elf (0/3) Orc:2

Altars:
Ashenzari
Cheibriados
Dithmenos
Elyvilon
Fedhas
Gozag
Hepliaklqana
Makhleb
Nemelex Xobeh
Okawaru
Qazlal
Ru
Trog
Uskayaw
Wu Jian
Xom
Yredelemnul
Zin
The Shining One

Shops:
D:8 *   Orc:2 =

Annotations:
D:12 1 runed translucent door, sigtrap's ghost, journeyman GnFi
Orc:2 2 runed translucent doors, LustLizard's ghost, journeyman MiFi


Innate Abilities, Weirdness & Mutations

Your life essence is reduced to manifest your ancestor. (-10% HP)
You are immune to sickness and miasma.
You are immune to poison.
Your flesh is very heat resistant. (rF++)
You are vulnerable to cold. (rC-)
You float through the air rather than walking.
You learn spells naturally, not from books.
Your magical power is your life essence.
You have superior vitality. (+4 MHP)


Message History

The ynoxinul hits you.
The soul eater is engulfed in blazing flames.
The soul eater hits you.
Casting: Scorch (safe; 1% risk of failure)
Confirm with . or Enter, or press ? or * to list all spells.
You erupt in a blast of force!
The mystic blast hits the orc knight!
The orc knight is moderately wounded.
The orc knight is knocked back by the mystic blast.
The orc knight slams into the stone wall!
The mystic blast hits the soul eater but does no damage.
The soul eater is moderately wounded.
The mystic blast hits the ynoxinul.
The ynoxinul is lightly wounded.
The ynoxinul is knocked back by the mystic blast.
The ynoxinul slams into the stone wall!
The ynoxinul is heavily wounded.
The mystic blast hits the orc high priest!
You kill the orc high priest!
The soul eater disappears in a puff of smoke!
The ynoxinul disappears in a puff of smoke!
You hear a shout!
An orc warrior comes into view.
It is wielding a +0 scimitar and quivering boomerangs of dispersal.
Okay, then.
A red film seems to cover your vision as you go berserk!
You feel yourself moving faster!
You feel mighty!
An orc knight comes into view. It is wielding a +0 battleaxe.
The orc knight hits you but does no damage.
Unknown command.
You impale the orc knight!!
You feel better.
The orc knight is heavily wounded.
The orc knight hits you with a +2 great sword!!
* * * LOW HITPOINT WARNING * * *
You puncture the orc knight!
You feel better.
The orc knight is severely wounded.
The orc knight roars a battlecry!
The orc knight goes into a battle-frenzy!
You puncture the orc knight!
The orc knight is almost dead.
The orc knight hits you with a +2 great sword!!!
You die...

..# #.............
##.. #.............
... #.............
#)) ###...........
... ##..##
##.........>. ...
#..)o###............
#.# #.##.#...........
#.#
##o##.............
#.#
##@o##.#...........
#.#
###§.######..........
...####.####°)°##
###...........
#..........○###
#.............
######.######
###..........)
########.######
#....#.......
.##...........#
##..###......
..#............#
####........
..............##
#.........


You could see 2 orc knights and an orc warrior (strong).

Vanquished Creatures
  A boulder beetle (D:11)
  3 two-headed ogres
  2 orc high priests (Orc:2)
  2 skeletal warriors
  An orc knight (Orc:2)
  A deep elf pyromancer (D:12)
  A manticore (D:12)
  3 orc sorcerers (Orc:2)
  2 gargoyles
  Maggie (D:6)
  2 kobold demonologists
  An unseen horror (D:10)
  4 trolls
  2 wyverns
  2 vampires
  A wraith (D:9)
  Grum (D:10)
  3 steam dragons
  A vampire mosquito (D:11)
  A warg (Orc:2)
  3 water moccasins
  3 acid dragons
  2 ice beasts
  10 orc warriors
  2 wolves (D:10)
  2 centaurs
  6 ogres
  A phantom (D:7)
  7 kobold brigands
  3 gnoll sergeants
  A scorpion (D:5)
  2 necrophages
  2 bullfrogs
  4 wights
  An oklob sapling (D:6)
  9 killer bees
  A howler monkey (D:6)
  An electric eel (D:10)
  2 jellies
  11 orc priests
  3 hounds
  A gnoll bouda (D:8)
  Jessica (D:3)
  5 orc wizards
  An iguana (D:6)
  13 gnolls
  10 adders
  2 white imps (D:7)
  2 ufetubi
  A worm (D:3)
  A dart slug (D:2)
  30 orcs
  5 bats
  6 endoplasms
  5 giant cockroaches
  6 goblins
  6 hobgoblins
  2 quokkas (D:3)
  6 ball pythons
  A frilled lizard (D:3)
  20 kobolds
  4 rats
239 creatures vanquished.

Vanquished Creatures (collateral kills)
  A skeletal warrior (D:10)
  A cyclops (D:11)
  An ice statue (D:12)
  2 trolls
  2 wyverns
  A vampire mosquito (D:11)
  2 orc warriors (D:12)
  2 centaurs
  A gnoll sergeant (D:12)
  A wight (D:10)
  2 killer bees (D:10)
  An orc priest (Orc:2)
  2 orc wizards (Orc:2)
  6 orcs
  A kobold (D:10)
  3 foxfires (D:6)
29 creatures vanquished.

Vanquished Creatures (others)
  5 knights
  288 foxfires
  4 fungi (D:2)
  10 plants (D:6)
307 creatures vanquished.

Grand Total: 575 creatures vanquished

Notes
Turn   | Place    | Note
-------+----------+-------------------------------------------
     0 | D:1      | javelincjr the Djinni Fire Elementalist began the quest for
                  | the Orb.
     0 | D:1      | javelincjr set off with the following spells memorised:
                  | Foxfire, Scorch, Conjure Flame, Inner Flame, Flame Wave.
     0 | D:1      | Reached XP level 1. HP: 15/15 MP: 0/0
   166 | D:1      | Reached XP level 2. HP: 21/21 MP: 0/0
   782 | D:1      | Found a hide-covered altar of Uskayaw.
   818 | D:2      | Reached XP level 3. HP: 8/25 MP: 0/0
   818 | D:2      | Learned a level 1 spell: Beastly Appendage
  1039 | D:2      | Reached skill level 1 in Ranged Weapons
  1930 | D:3      | Reached XP level 4. HP: 31/31 MP: 0/0
  1942 | D:3      | Identified the +4 dagger "Moof" {freeze, Str+5}
  2378 | D:3      | Reached XP level 5. HP: 34/36 MP: 0/0
  2378 | D:3      | Learned a level 2 spell: Poisonous Vapours
  2433 | D:3      | Reached skill level 3 in Spellcasting
  2562 | D:3      | Reached skill level 1 in Fighting
  2574 | D:3      | Noticed Jessica
  2579 | D:3      | Killed Jessica
  3368 | D:4      | Noticed a kobold brigand
  3380 | D:4      | Killed a kobold brigand
  3381 | D:4      | Reached skill level 1 in Armour
  3381 | D:4      | Reached XP level 6. HP: 34/43 MP: 0/0
  4518 | D:5      | Entered Level 5 of the Dungeon
  4614 | D:5      | Reached XP level 7. HP: 44/49 MP: 0/0
  4614 | D:5      | Learned a level 2 spell: Passwall
  4816 | D:5      | Noticed a water moccasin
  4825 | D:5      | Killed a water moccasin
  4826 | D:5      | Reached skill level 4 in Spellcasting
  5548 | D:6      | Noticed a steam dragon
  5563 | D:6      | Killed a steam dragon
  5564 | D:6      | Reached XP level 8. HP: 42/56 MP: 0/0
  5845 | D:6      | Reached skill level 5 in Spellcasting
  5974 | D:6      | Found a staircase to the Ecumenical Temple.
  6014 | Temple   | Entered the Ecumenical Temple
  6158 | Temple   | Became a worshipper of Hepliaklqana the Forgotten
  6812 | D:6      | Noticed Maggie
  6821 | D:6      | Killed Maggie
  6822 | D:6      | Reached skill level 6 in Spellcasting
  6822 | D:6      | Reached XP level 9. HP: 47/62 MP: 0/0
  6822 | D:6      | Learned a level 3 spell: Dazzling Flash
  6929 | D:7      | Reached skill level 5 in Dodging
  7069 | D:7      | Noticed a kobold demonologist
  7075 | D:7      | Killed a kobold demonologist
  7076 | D:7      | Reached skill level 7 in Spellcasting
  7732 | D:7      | Reached * piety under Hepliaklqana
  8631 | D:8      | Reached skill level 8 in Spellcasting
  8677 | D:8      | Reached XP level 10. HP: 58/62 MP: 0/0
  8995 | D:8      | Found a burning altar of Makhleb.
  8998 | D:8      | Found an iron altar of Okawaru.
  9000 | D:8      | Found a snail-covered altar of Cheibriados.
  9010 | D:8      | Found a white marble altar of Elyvilon.
  9014 | D:8      | Found a sparkling altar of Nemelex Xobeh.
  9061 | D:8      | Found Zaaplel's General Store.
  9679 | D:9      | Reached skill level 5 in Fighting
  9679 | D:9      | Reached skill level 1 in Shields
  9679 | D:9      | Reached skill level 9 in Spellcasting
  9973 | D:9      | Reached ** piety under Hepliaklqana
  9974 | D:9      | Remembered your ancestor Centenhua as a knight
 10201 | D:9      | Noticed a two-headed ogre
 10206 | D:9      | Killed a two-headed ogre
 10332 | D:9      | Noticed a two-headed ogre
 10337 | D:9      | Killed a two-headed ogre
 10338 | D:9      | Reached skill level 10 in Spellcasting
 10387 | D:10     | Entered Level 10 of the Dungeon
 10436 | D:10     | Killed an unseen horror
 10437 | D:10     | Reached XP level 11. HP: 41/68 MP: 0/0
 10437 | D:10     | Learned a level 4 spell: Iskenderun's Mystic Blast
 10593 | D:10     | Noticed Grum
 10600 | D:10     | Killed Grum
 10738 | D:10     | Found a staircase to the Lair.
 10882 | D:10     | Reached skill level 11 in Spellcasting
 10885 | D:10     | Noticed a two-headed ogre
 10890 | D:10     | Killed a two-headed ogre
 10980 | D:10     | Found a flagged portal.
 11505 | D:10     | Identified the +4 trident of Harmony {vorpal, Will++}
 11659 | D:10     | Reached *** piety under Hepliaklqana
 11718 | D:11     | Found a transporter.
 11718 | D:11     | Found a transporter.
 11720 | D:11     | Found a transporter.
 12095 | D:11     | Found a transporter.
 12133 | D:11     | Noticed a cyclops
 12138 | D:11     | Killed a cyclops
 12630 | D:11     | Noticed a boulder beetle
 12642 | D:11     | Killed a boulder beetle
 12688 | D:11     | Reached skill level 12 in Spellcasting
 12761 | D:11     | Noticed a skeletal warrior
 12765 | D:11     | Noticed a skeletal warrior
 12768 | D:11     | Noticed a skeletal warrior
 12775 | D:11     | Killed a skeletal warrior
 13318 | D:10     | Killed a skeletal warrior
 13319 | D:10     | Reached XP level 12. HP: 27/72 MP: 0/0
 13555 | D:10     | Killed a skeletal warrior
 14573 | D:12     | Reached XP level 13. HP: 81/81 MP: 0/0
 14573 | D:12     | Learned a level 5 spell: Summon Mana Viper
 14587 | D:12     | Found a gateway to a bazaar.
 14807 | Bazaar   | Entered a bazaar
 14807 | Bazaar   | Found Geungohe's Jewellery Shop.
 14807 | Bazaar   | Found Amirah's Magic Scroll Boutique.
 14807 | Bazaar   | Found Fione's General Store.
 14807 | Bazaar   | Found Ruymi Ickata's Weapon Boutique.
 14807 | Bazaar   | Found Hoereca's Weapon Boutique.
 14807 | Bazaar   | Found Ramy's Antique Armour Shop.
 14875 | Bazaar   | Bought a brightly glowing leather armour for 189 gold
                  | pieces
 14875 | Bazaar   | Identified the +2 leather armour of Joog {rC++ Dex-5 Slay+5
                  | Stlth-} (You bought it in a shop in a bazaar)
 14934 | D:12     | Found a runed translucent door.
 14937 | D:12     | Noticed sigtrap's ghost (journeyman GnFi)
 15042 | D:12     | Reached **** piety under Hepliaklqana
 15206 | D:12     | Reached skill level 13 in Spellcasting
 15255 | D:12     | Reached skill level 5 in Armour
 15531 | D:12     | Found a staircase to the Orcish Mines.
 15598 | Orc:1    | Entered Level 1 of the Orcish Mines
 16051 | Orc:2    | Entered Level 2 of the Orcish Mines
 16137 | Orc:2    | Found a staircase to the Elven Halls.
 16332 | Orc:2    | Noticed LustLizard's ghost (journeyman MiFi)
 16335 | Orc:2    | Found a runed translucent gate.
 16335 | Orc:2    | Found a runed translucent gate.
 16379 | Orc:2    | Found Mobabb's Jewellery Shop.
 16406 | Orc:2    | Reached skill level 5 in Stealth
 16406 | Orc:2    | Reached skill level 14 in Spellcasting
 16415 | Orc:2    | Annihilated by an orc knight

Illustrated notes

Levels and vault maps discovered:
D:1:      dpeg_arrival_water_altar, layout_basic, serial_bayou_pond_d
D:2:      layout_basic, dreamdust_mushroom_princess, solitary_fountain
D:3:      layout_rooms, minmay_joined_circles, uniq_jessica
D:4:      layout_basic
D:5:      layout_basic
D:6:      cheibrodos_steamvent, layout_gridville, minmay_temple_entry_oklob,
          uniq_maggie
D:7:      layout_loops_cross, bh_walls_and_bars
D:8:      kennysheep_spiral_hall, layout_layer_cave,
          nicolae_overflow_hallway_of_the_gods, serial_shops, shop
D:9:      layout_loops_cross, chequers_serial_rivers_micro_c
D:10:     layout_gridville, dpeg_oklobed_lair, enter_bailey_8,
          kennysheep_cluttered_room, dk_noncrumbling_3, uniq_grum
D:11:     layout_layer_cave, nicolae_diode_quadrants
D:12:     layout_irregular_city, kennysheep_orc_monster_closet_entryway,
          ebering_ghost_inner_flame, serial_shops, statue_bzr
Temple:   regret_index_temple_waves
Orc:1:    layout_caves, mines2_david
Orc:2:    st_orc_elflike, layout_caves, gammafunk_ghost_split

Skill      XL: |  1  2  3  4  5  6  7  8  9 10 11 12 13 |
---------------+----------------------------------------+-----
Ranged Weapons | 1 2 |  2.5
Spellcasting   | 3 4 6 8 10 12 14 | 14.0
Fighting       | 1 2 3 4 5 7 |  7.3
Armour         | 1 2 3 4 5 |  5.1
Stealth        | 2 3 4 5 |  5.0
Dodging        | 3 4 5 6 7 |  7.0
Shields        | 1 2 3 4 |  4.0
Evocations     | 2 |  2.8
Short Blades   | |  0.3
Polearms       | |  0.1

Action                   |  1- 3 |  4- 6 |  7- 9 | 10-12 | 13-15 || total
-------------------------+-------+-------+-------+-------+-------++-------
Melee: Dagger            |       |    55 |    23 |       |       ||    78
       Sling             |       |       |       |     3 |       ||     3
       Trident           |       |       |       |       |     6 ||     6
       Staff             |       |       |       |       |     3 ||     3
 Fire: Sling             |    65 |     5 |    54 |    18 |       ||   142
 Cast: Foxfire           |     6 |    48 |    52 |    32 |    25 ||   163
       Scorch            |     6 |     4 |    40 |    71 |    21 ||   142
       Poisonous Vapours |       |     4 |       |    18 |    27 ||    49
       Conjure Flame     |       |       |     3 |       |       ||     3
       Inner Flame       |       |       |    19 |    48 |    39 ||   106
       Beastly Appendage |       |       |       |     3 |     1 ||     4
       Iskenderun's Myst |       |       |       |    19 |     2 ||    21
       Summon Mana Viper |       |       |       |       |     2 ||     2
Invok: Ancestor Life: Kn |       |       |       |     1 |       ||     1
       Recall Ancestor   |       |       |       |       |     1 ||     1
  Use: Scroll            |       |    10 |     6 |     6 |     2 ||    24
       Potion            |       |     5 |     3 |     1 |     1 ||    10
Armor: Robe              |     6 |     5 |       |       |       ||    11
       Leather armour    |       |    24 |    11 |       |       ||    35
       Skin              |       |     3 |       |       |       ||     3
       Steam dragon scal |       |       |    11 |    19 |       ||    30
       Troll leather arm |       |       |       |       |     4 ||     4
Dodge: Dodged            |    22 |    38 |    67 |    12 |     8 ||   147
Block: Kite shield       |       |       |    12 |    23 |     5 ||    40
